 Dungeon Crawl Stone Soup version 0.28.0-45-g0d030f2227 (webtiles) character file.

Game seed: 13977256245722304603

669 crimpus the Chopper (level 7, 0/91 HPs)
             Began as a Hill Orc Fighter on Apr 16, 2022.
             Succumbed to a scorpion's poison
             ... on level 4 of the Dungeon.
             The game lasted 00:05:05 (3523 turns).

crimpus the Chopper (Hill Orc Fighter)              Turns: 3523, Time: 00:05:06

Health: 0/91       AC: 23    Str: 21    XL:     7   Next: 58%
Magic:  7/7        EV:  2    Int:  8    God:
Gold:   111        SH:  4    Dex: 10    Spells: 6/6 levels left

rFire   . . .      SeeInvis .   a - +0 war axe
rCold   . . .      Faith    .   c - +0 buckler
rNeg    . . .      Spirit   .   (armour currently unavailable)
rPois   +          Reflect  .   (helmet currently unavailable)
rElec   .          Harm     .   (cloak currently unavailable)
rCorr   .          Rampage  .   (gloves currently unavailable)
Will    .....      NoTele   +   (boots currently unavailable)
Stlth   +.........              (no amulet)
HPRegen 0.25/turn               (no ring)
MPRegen 0.10/turn               (no ring)

@: mighty, brilliant, lethally poisoned (0 -> -3), tree-form, attractive
A: stationary, stasis, torment immunity, boosted hp
a: no special abilities


You were on level 4 of the Dungeon.
You were a tree.
You visited 1 branch of the dungeon, and saw 5 of its levels.

You collected 111 gold pieces.

Inventory:

Hand Weapons
 a - a +0 war axe (weapon)
Armour
 b - a +0 scale mail (melded)
 c - a +0 buckler (worn)
 i - a +0 pair of gloves (melded)
Jewellery
 j - a ring of protection from fire
Scrolls
 e - 2 scrolls of identify
 f - a scroll of fear
 g - a scroll of summoning {unknown}
 k - a scroll of enchant weapon {unknown}
 l - a scroll of noise {unknown}
 o - a scroll of blinking {unknown}
 p - a scroll of amnesia {unknown}
Potions
 m - a potion of lignification


   Skills:
 + Level 5.5 Fighting
 + Level 7.7 Axes
 + Level 5.0 Armour
 + Level 1.3 Dodging
 + Level 4.1 Shields


You had 6 spell levels left.
You didn't know any spells.
Your spell library contained the following spells:

 Spells                   Type           Power      Damage    Failure   Level
 Inner Flame              Hex/Fire       0%         N/A       86%         3
 Cause Fear               Hex            0%         N/A       99%         4
 Leda's Liquefaction      Hex/Erth       0%         N/A       99%         4
 Lee's Rapid Deconstruct  Erth           0%         3d5*      100%        5
 Statue Form              Tmut/Erth      0%         N/A       100%        6
 Discord                  Hex            0%         N/A       100%        8


Dungeon Overview and Level Annotations

Branches:
Dungeon (5/15)
 Temple: D:4-7

Altars:
Ashenzari
Cheibriados
Gozag
Kikubaaqudgha
Vehumet

Shops:
D:4 [

Annotations:
D:4 3 runed translucent doors, Fangowolf's ghost, amateur MiFi


Message History

You are more poisoned.
The scorpion poisons you!
You slash the scorpion!
You kill the scorpion!
You feel extremely sick.
Your Armour skill increases to level 5!
You slash the phantom!
The phantom is severely damaged.
* * * LOW HITPOINT WARNING * * *
You feel very sick.
The phantom hits you but does no damage.
You closely miss the phantom.
The phantom is severely damaged.
* * * LOW HITPOINT WARNING * * *
You feel very sick. The phantom barely misses you.
It was a potion of brilliance.
You feel clever all of a sudden.
* * * LOW HITPOINT WARNING * * *
You feel sick. The phantom hits you.
* * * LOW HITPOINT WARNING * * *
The phantom blinks!
You blink.
It was a potion of lignification.
You turn into a tree.
Your +0 pair of gloves melds into your body.
Your +0 scale mail melds into your body.
Your roots penetrate the ground.
* * * LOW HITPOINT WARNING * * *
You feel sick.
The phantom hits you but does no damage.
It was a potion of attraction.
You feel attractive to monsters.
* * * LOW HITPOINT WARNING * * *
You feel sick. You block the phantom's attack.
You feel very mighty all of a sudden.
You feel sick. The phantom hits you.
* * * LOW HITPOINT WARNING * * *
Unknown command.
You slash the phantom!
The phantom is almost destroyed.
You die...

.....# #.#∩$8_J+...##..#######.#
###### #.#8..oW+................
# #.#∩$.$Z#..############.. #
#####.8∩##..# #..
########...#######.# #..
...................# #..
########...#....#### #..
######...#### #..
######......♣..#### #..
#............W.>..#########.#
#.##...............†.......##
#.##.####...##..#.#######.##
##.##.# #...##..#.########.##
####...#.####...##..#...........#
...............###..############.
####...#.####..# #..# ##
##.##.####..# #..#


You could see a phantom.

Vanquished Creatures
  A water moccasin (D:4)
  An ogre (D:4)
  A scorpion (D:4)
  A water moccasin skeleton (D:4)
  2 hounds (D:4)
  Jessica (D:3)
  An iguana (D:4)
  Natasha (thrice) (D:3)
  An orc wizard (D:4)
  Robin (D:4)
  5 adders
  A dart slug (D:2)
  10 orcs
  7 ball pythons
  7 bats
  5 endoplasms
  4 giant cockroaches
  9 goblins
  8 hobgoblins
  8 jackals
  5 kobolds
  6 quokkas
  4 frilled lizards
  5 rats
97 creatures vanquished.

Notes
Turn   | Place    | Note
-------+----------+-------------------------------------------
     0 | D:1      | crimpus the Hill Orc Fighter began the quest for the Orb.
     0 | D:1      | Reached XP level 1. HP: 19/19 MP: 1/1
   124 | D:1      | Found a faded altar of an unknown god.
   195 | D:1      | Reached XP level 2. HP: 27/27 MP: 2/2
   542 | D:1      | Reached XP level 3. HP: 32/33 MP: 3/3
   585 | D:1      | Reached skill level 3 in Axes
   986 | D:2      | Found an ancient bone altar of Kikubaaqudgha.
  1127 | D:2      | You fall into a shaft and drop 2 floors!
  1345 | D:4      | Reached skill level 4 in Axes
  1345 | D:4      | Reached XP level 4. HP: 41/41 MP: 4/4
  1358 | D:4      | Reached XP level 5. HP: 45/47 MP: 5/5
  1409 | D:4      | Found a runed translucent gate.
  1410 | D:4      | Found a runed translucent gate.
  1410 | D:4      | Found a runed translucent gate.
  1411 | D:4      | Found an opulent altar of Gozag.
  1412 | D:4      | Noticed Fangowolf's ghost (amateur MiFi)
  1426 | D:4      | Noticed a water moccasin
  1432 | D:4      | Killed a water moccasin
  1433 | D:4      | Reached skill level 5 in Axes
  1433 | D:4      | Reached XP level 6. HP: 55/55 MP: 6/6
  1489 | D:4      | Reached skill level 5 in Fighting
  1489 | D:4      | Reached skill level 6 in Axes
  1537 | D:4      | Reached skill level 1 in Dodging
  1729 | D:4      | Reached XP level 7. HP: 53/61 MP: 7/7
  1970 | D:4      | Found Gukoch's Antique Armour Shop.
  2020 | D:4      | Noticed Robin
  2032 | D:4      | Killed Robin
  2467 | D:3      | Reached skill level 7 in Axes
  2525 | D:3      | Found an ancient bone altar of Kikubaaqudgha.
  2574 | D:3      | Noticed Jessica
  2579 | D:3      | Killed Jessica
  2669 | D:3      | Noticed Natasha
  2676 | D:3      | Killed Natasha
  2713 | D:3      | Found a snail-covered altar of Cheibriados.
  2713 | D:3      | Found a radiant altar of Vehumet.
  2713 | D:3      | Found a broken altar of Ashenzari.
  2901 | D:3      | Noticed Natasha
  2911 | D:3      | Killed Natasha
  3041 | D:3      | Noticed Natasha
  3047 | D:3      | Killed Natasha
  3468 | D:5      | Entered Level 5 of the Dungeon
  3517 | D:4      | Reached skill level 5 in Armour
  3522 | D:4      | HP: 1/91 [phantom (5)]
  3523 | D:4      | Succumbed to a scorpion's poison

Illustrated notes

Levels and vault maps discovered:
D:1:      mainiacjoe_arrival_reflecting_pool, layout_loops_ring,
          ebering_ecumenical_altar_webs, minmay_splitting_lines
D:2:      layout_rooms, basic_altar
D:3:      layout_loops_ring, lemuel_tele_altar,
          chequers_temple_overflow_statue_of_worship, uniq_natasha, uniq_jessica
D:4:      minmay_evil_eye, layout_loops_ring, serial_shops,
          nicolae_shop_hallway_stairs, ebering_ghost_gozag, uniq_robin
D:5:      layout_cave_pods, nemelex_diamond_rough_becter

Skill      XL: |  1  2  3  4  5  6  7 |
---------------+----------------------+-----
Fighting       | 4 5 |  5.5
Axes           | 4 5 6 7 |  7.7
Armour         | 4 5 |  5.0
Dodging        | 1 |  1.3
Shields        | 4 |  4.1

Action                   |  1- 3 |  4- 6 |  7- 9 || total
-------------------------+-------+-------+-------++-------
Melee: War axe           |   112 |    72 |   130 ||   314
  Use: Scroll            |       |     3 |       ||     3
       Potion            |       |       |     4 ||     4
Armor: Scale mail        |    58 |    34 |    57 ||   149
       Skin              |       |       |     1 ||     1
Dodge: Dodged            |    47 |    34 |    59 ||   140
Block: Buckler           |    37 |    18 |    30 ||    85
